 Dungeon Crawl Stone Soup version 0.28.0-53-g5a82cb258f (webtiles) character file.

Game seed: 16811350781361768264

60 Legadrian the Skirmisher (level 4, 0/38 HPs)
             Began as a Human Monk on July 5, 2022.
             Succumbed to Crazy Yiuf's poison
             ... on level 2 of the Dungeon.
             The game lasted 00:05:08 (2182 turns).

Legadrian the Skirmisher (Human Monk)               Turns: 2182, Time: 00:05:09

Health: 0/38       AC:  3    Str: 17    XL:     4   Next: 25%
Magic:  4/4        EV: 13    Int: 11    God:
Gold:   58         SH:  0    Dex: 17    Spells: 1/3 levels left

rFire   . . .      SeeInvis .   a - +0 mace
rCold   . . .      Faith    .   (no shield)
rNeg    . . .      Spirit   .   b - +0 robe
rPois   .          Reflect  .   (no helmet)
rElec   .          Harm     .   (no cloak)
rCorr   +          Rampage  .   (no gloves)
Will    .....                   d - +0 pair of boots
Stlth   ++........              (no amulet)
HPRegen 0.12/turn               i - +6 ring of strength
MPRegen 0.09/turn               l - ring of resist corrosion

@: lethally poisoned (0 -> -10)
A: no striking features
a: no special abilities


You were on level 2 of the Dungeon.
You visited 1 branch of the dungeon, and saw 2 of its levels.

You collected 58 gold pieces.

Inventory:

Hand Weapons
 a - a +0 mace (weapon)
Missiles
 c - 7 stones (quivered)
 f - 39 arrows
 j - 20 sling bullets
Armour
 b - a +0 robe (worn)
 d - a +0 pair of boots (worn)
 h - a +0 chain mail
Jewellery
 i - a +6 ring of strength (left hand)
 l - a ring of resist corrosion (right hand)


   Skills:
 + Level 4.8 Fighting
 - Level 3.0 Maces & Flails
 - Level 3.0 Dodging
 - Level 2.0 Stealth


You had one spell level left.
You knew the following spells:

 Your Spells              Type           Power      Damage    Failure   Level
a - Wereblood             Tmut           0%         N/A       47%         2

Your spell library contained the following spells:

 Spells                   Type           Power      Damage    Failure   Level
 Sublimation of Blood     Necr           0%         N/A       47%         2
 Summon Hydra             Summ           0%         N/A       100%        7


Dungeon Overview and Level Annotations

Branches:
Dungeon (2/15)

Altars:

Shops:
D:1 [

Annotations:
D:2 Crazy Yiuf


Message History

You thump the jackal!
You kill the jackal!
Things that are here:
a jackal corpse; a ball python corpse HP restored.
Things that are here:
a jackal corpse; a jackal corpse You now have 58 gold pieces (gained 17).
A bat comes into view.
The bat hits you.
You miss the bat. The bat barely misses you. x2
The bat hits you but does no damage.
You barely miss the bat. The bat misses you. The bat barely misses you.
You thump the bat!
You kill the bat!
A frilled lizard comes into view.
The frilled lizard hisses angrily.
You sock the frilled lizard!
You kill the frilled lizard!
Found a mace.
Found a runed translucent door.
You open the door.
There is an open translucent door here.
The helpless Crazy Yiuf fails to defend himself.
You hit Crazy Yiuf but do no damage.
Crazy Yiuf hits you with a +2 quarterstaff of chaos!
Crazy Yiuf freezes you.
Crazy Yiuf hits you with a +2 quarterstaff of chaos!
Crazy Yiuf burns you.
* * * LOW HITPOINT WARNING * * *
You hit Crazy Yiuf.
Crazy Yiuf is lightly wounded.
Crazy Yiuf barely misses you.
You closely miss Crazy Yiuf.
Crazy Yiuf is lightly wounded.
Crazy Yiuf hits you with a +2 quarterstaff of chaos!
* * * LOW HITPOINT WARNING * * *
You are lethally poisoned!
You barely miss Crazy Yiuf.
Crazy Yiuf is lightly wounded.
You die...

####...####
#############.........#
......................#
.....################.#
.##.## ### ....#
############# ....###♣♣
##### #............
......#.♣♣ ♣♣#..)#
#############
.#.......♣♣♣♣.'.@g# #
..........♣..♣#...# #
......#..♣.♣♣♣##### #
#.##.##♣♣♣♣♣ # #.##.# #
#.##.## ###### #
#.##..# #.##.# #
#.##..# #.##.# #
#.##..### #.##<# #


You could see Crazy Yiuf.

Vanquished Creatures
  An adder (D:2)
  A worm (D:2)
  A dart slug (D:1)
  4 endoplasms
  4 giant cockroaches
  2 goblins
  6 hobgoblins
  4 jackals (D:2)
  A quokka (D:2)
  4 ball pythons
  6 bats
  4 frilled lizards (D:2)
  4 kobolds
42 creatures vanquished.

Notes
Turn   | Place    | Note
-------+----------+-------------------------------------------
     0 | D:1      | Legadrian the Human Monk began the quest for the Orb.
     0 | D:1      | Reached XP level 1. HP: 18/18 MP: 1/1
   274 | D:1      | Reached XP level 2. HP: 24/24 MP: 2/2
   538 | D:1      | Reached skill level 4 in Fighting
   538 | D:1      | Reached XP level 3. HP: 18/30 MP: 3/3
   762 | D:1      | Found Getughu's Armour Shoppe.
  1068 | D:2      | Learned a level 2 spell: Wereblood
  1500 | D:2      | Reached XP level 4. HP: 38/38 MP: 4/4
  2171 | D:2      | Found a runed translucent door.
  2172 | D:2      | Noticed Crazy Yiuf
  2182 | D:2      | Succumbed to Crazy Yiuf's poison

Illustrated notes

Levels and vault maps discovered:
D:1:      psy_arrival_radial01, layout_rooms, serial_shops,
          nicolae_shop_behind_doors, serial_corexii_hall,
          corexii_hall_statues_i, chequers_hall_statues_y
D:2:      layout_loops_ring, uniq_crazy_yiuf_cottage

Skill      XL: |  1  2 |
---------------+-------+-----
Fighting       | 4 |  4.8
Maces & Flails | |  3.0
Dodging        | |  3.0
Stealth        | |  2.0

Action                   |  1- 3 |  4- 6 || total
-------------------------+-------+-------++-------
Melee: Mace              |    75 |    43 ||   118
       Punch             |       |     1 ||     1
Throw: Stone             |     6 |       ||     6
  Use: Scroll            |     1 |     3 ||     4
 Stab: Sleeping          |    10 |     2 ||    12
Armor: Robe              |    15 |     8 ||    23
Dodge: Dodged            |    55 |    36 ||    91
